 Dungeon Crawl Stone Soup version 0.29-a0-845-g6161e89988 (webtiles) character file.

Game seed: 11441995025715981748

20823 jlumianski the Thaumaturge (level 12, -10/75 HPs)
             Began as a Demonspawn Ice Elementalist on July 15, 2022.
             Was an Elder of Hepliaklqana.
             Mangled by a large slime creature (34 damage)
             ... on level 12 of the Dungeon.
             The game lasted 01:39:28 (15711 turns).

jlumianski the Thaumaturge (DsIE)                  Turns: 15711, Time: 01:39:30

Health: -10/75     AC: 13    Str:  8    XL:     12   Next: 48%
Magic:  21/24      EV: 13    Int: 21    God:    Hepliaklqana [****..]
Gold:   826        SH:  0    Dex: 15    Spells: 10/28 levels left

rFire   . . .      SeeInvis .   Y - +3 broad axe (vamp)
rCold   . . .      Faith    .   (no shield)
rNeg    . . .      Spirit   .   R - +1 leather armour {rPois}
rPois   +          Reflect  .   x - +2 helmet
rElec   .          Harm     .   (no cloak)
rCorr   +          Rampage  .   (no gloves)
Will    .....                   v - +2 pair of boots
Stlth   ++++......              a - amulet "Asko" {Fly Regen+ rCorr}
HPRegen 1.02/turn               H - ring of wizardry
MPRegen 0.19/turn               y - ring of wizardry

@: freezing walls, flying
A: reduced essence, yellow scales 2, demonic guardian 2, demonic touch 2
a: Renounce Religion, Recall Ancestor, Ancestor Identity, Transference, Idealise


You were on level 12 of the Dungeon.
You worshipped Hepliaklqana.
Hepliaklqana was greatly pleased with you.
You visited 3 branches of the dungeon, and saw 14 of its levels.
You also visited: Volcano.

You collected 976 gold pieces.
You spent 150 gold pieces at shops.

Inventory:

Hand Weapons
 e - a +0 shortbow of flaming
 f - a +2 demon trident of flaming
 h - the +5 hand axe of Terror {drain, +Blink rC+++ Int-4}
   (You found it on level 11 of the Dungeon)

   A truly terrible weapon, it drains the life of any living foe it strikes.
   Int:       It affects your intelligence (-4).
   rC:        It renders you almost immune to cold.
   +Blink:    It lets you blink.
 Y - a +3 vampiric broad axe (weapon)
Missiles
 g - 27 poisoned darts (quivered)
 p - 4 atropa-tipped darts
 N - 8 boomerangs
Armour
 d - a +0 cloak
 v - a +2 pair of boots (worn)
 x - a +2 helmet (worn)
 R - a +1 leather armour of poison resistance (worn)
Jewellery
 a - the amulet "Asko" (around neck) {Fly Regen+ rCorr}
   (You found it on level 10 of the Dungeon)

   [amulet of regeneration]

   Fly:       It grants you flight.
   Regen:     It increases your rate of health regeneration.
   rCorr:     It protects you from acid and corrosion.
 u - a ring of willpower
 y - a ring of wizardry (right hand)
 A - an amulet of reflection
 B - a ring of fire
 H - a ring of wizardry (left hand)
 I - a ring of protection from fire
 Z - a ring of resist corrosion
Wands
 w - a wand of flame (77)
 D - a wand of polymorph (6)
Scrolls
 i - a scroll of blinking
 j - a scroll of immolation
 o - 3 scrolls of identify
 P - a scroll of teleportation
 T - a scroll of magic mapping
 W - 2 scrolls of fear
Potions
 b - 3 potions of magic
 c - 10 potions of ambrosia
 k - 2 potions of haste
 l - 2 potions of lignification
 m - 2 potions of attraction
 q - 6 potions of curing
 s - 3 potions of heal wounds
 z - a potion of cancellation
 G - 2 potions of invisibility
 S - a potion of berserk rage


   Skills:
 + Level 4.5 Fighting
 - Level 2.1 Short Blades
 * Level 5.8(5.9) Axes
 + Level 0.9(3.8) Polearms
 + Level 0.8(1.1) Staves
 + Level 4.2 Ranged Weapons
 + Level 0.4 Throwing
 + Level 3.6 Armour
 + Level 4.5 Dodging
 * Level 8.4 Stealth
 + Level 2.2 Shields
 + Level 8.9 Spellcasting
 + Level 0.1 Conjurations
 + Level 0.8 Hexes
 + Level 1.4 Transmutations
 + Level 8.6 Ice Magic
 * Level 6.9 Invocations
 * Level 5.9 Evocations


You had 10 spell levels left.
You knew the following spells:

 Your Spells              Type           Power      Damage    Failure   Level
a - Freeze                Ice            100%       1d11      1%          1
b - Frozen Ramparts       Ice            90%        1d11      1%          3
c - Ozocubu's Armour      Ice            45%        N/A       1%          3
d - Wereblood             Tmut           15%        N/A       2%          2
e - Metabolic Englaciati  Hex/Ice        14%        N/A       11%         5
f - Hailstorm             Conj/Ice       27%        3d7       4%          4

Your spell library contained the following spells:

 Spells                   Type           Power      Damage    Failure   Level
 Beastly Appendage        Tmut           30%        N/A       1%          1
 Sublimation of Blood     Necr           9%         N/A       4%          2
 Spider Form              Tmut/Pois      12%        N/A       6%          3
 Corpse Rot               Necr/Pois/Air  9%         N/A       26%         4
 Dispel Undead            Necr           9%         3d8       26%         4
 Ozocubu's Refrigeration  Ice            22%        4d9       50%         7
 Simulacrum               Ice/Necr       13%        N/A       54%         6
 Death Channel            Necr           4%         N/A       97%         6
 Summon Hydra             Summ           4%         N/A       100%        7


Dungeon Overview and Level Annotations

Branches:
Dungeon (12/15)            Temple (1/1) D:6            Lair (1/6) D:10
    Orc (0/2) D:9         Volcano (visited)

Altars:
Ashenzari
Dithmenos
Gozag
Hepliaklqana
Kikubaaqudgha
Makhleb
Nemelex Xobeh
Qazlal
Ru
Sif Muna
Trog
Vehumet
Wu Jian
Xom
Yredelemnul

Shops:
D:4 [   D:8 (   D:9 (

Annotations:
D:6 1 runed translucent door, Crazy Yiuf


Innate Abilities, Weirdness & Mutations

Your life essence is reduced to manifest your ancestor. (-10% HP)
You are mostly covered in yellow scales. (AC +3)
A demonic guardian rushes to your aid.
Your touch may inflict irresistible damage on your foes.


Message History

You see here a vampire mosquito corpse.
You see here a vampire mosquito corpse.
You howl as the wereblood boils in your veins!
Your primal bloodlust is almost over.
Your hellwing disappears in a puff of smoke!
A slime creature comes into view.
Your primal bloodlust has ended.
The slime creature quivers.
A slime creature comes into view.
The slime creature hits you but does no damage.
Two slime creatures merge to form a large slime creature.
You hit the large slime creature.
The large slime creature is lightly wounded.
You slash the large slime creature!
The large slime creature is lightly wounded.
You slash the large slime creature!
You touch the large slime creature!
The large slime creature is moderately wounded.
The large slime creature hits you!! x2
You slash the large slime creature!
The large slime creature is moderately wounded.
The large slime creature closely misses you.
You completely miss the large slime creature.
The large slime creature is moderately wounded.
The large slime creature closely misses you.
You hit the large slime creature.
The large slime creature is moderately wounded.
A slime creature comes into view.
The large slime creature hits you but does no damage.
The large slime creature hits you.
Unknown command.
Casting: Wereblood (safe; 2% risk of failure)
Confirm with . or Enter, or press ? or * to list all spells.
Casting: Frozen Ramparts (safe; 1% risk of failure)
Press: ? - help, Dir - look around, f - activate The walls around you are covered in ice.
The wall freezes the slime creature.
Ferran blocks the slime creature's attack.
The wall freezes the large slime creature.
The large slime creature hits you!!
You die...

#..#
##.#
#.#
#.#
###.#
#...#
#.#J#
#.#R#
# #@#
#J#
#.#
...
###


You could see the friendly Ferran the knight, a large slime creature (ally
target) and a slime creature.

Vanquished Creatures
  A two-headed ogre (D:8)
  A salamander mystic (Volcano)
  Pikel (D:7)
  A wolf spider (Lair:1)
  A cyclops (D:11)
  A salamander (Volcano)
  A black mamba (Lair:1)
  2 molten gargoyles (Volcano)
  A gargoyle (D:10)
  2 cane toads (Lair:1)
  A komodo dragon (Lair:1)
  A kobold demonologist (D:9)
  A tengu conjurer (D:9)
  A queen bee (Lair:1)
  A wyvern (D:9)
  A fire bat (Volcano)
  13 yaks
  A steam dragon (D:5)
  Menkaure (D:6)
  Edmund (D:6)
  3 vampire mosquitoes (D:12)
  4 water moccasins
  2 acid dragons
  3 orc warriors
  A sky beast (D:7)
  3 black bears
  An ice beast (D:6)
  8 wolves (Lair:1)
  3 centaurs
  A phantom (D:5)
  3 lemures (D:7)
  3 kobold brigands
  3 bullfrogs
  3 gnoll sergeants
  A necrophage (D:8)
  4 scorpions
  3 wights (D:8)
  25 killer bees
  4 howler monkeys
  A crimson imp (D:4)
  2 jellies (D:4)
  A hound (D:4)
  7 orc priests
  A gnoll bouda (D:8)
  Jessica (D:3)
  Natasha (thrice) (D:3)
  3 iguanas
  2 orc wizards
  Robin (D:2)
  18 gnolls
  6 adders
  A shadow imp (D:6)
  2 ufetubi
  3 worms
  3 dart slugs
  23 orcs
  6 bats
  6 endoplasms
  7 giant cockroaches
  10 hobgoblins
  5 quokkas
  7 ball pythons
  3 frilled lizards
  16 goblins
  18 kobolds
  4 rats
272 creatures vanquished.

Vanquished Creatures (collateral kills)
  A red draconian (Volcano)
  A hydra (D:11)
  A manticore (D:12)
  3 salamanders (Volcano)
  A gargoyle (D:11)
  A cane toad (Lair:1)
  2 komodo dragons (Lair:1)
  2 trolls
  A fire bat (Volcano)
  Grum (Lair:1)
  6 yaks
  A basilisk (Lair:1)
  An acid dragon (D:9)
  2 water moccasins (D:10)
  A black bear (D:9)
  5 wolves (Lair:1)
  A centaur (D:8)
  A kobold brigand (D:10)
  A gnoll sergeant (D:10)
  A scorpion (D:10)
  A howler monkey (D:8)
  4 lava snakes (Volcano)
  An orc priest (D:10)
  2 orc wizards
  7 gnolls
  A worm (D:3)
  10 orcs
  4 kobolds
64 creatures vanquished.

Vanquished Creatures (others)
  A knight (Volcano)
  6 ancestors
  54 fungi
  55 plants
116 creatures vanquished.

Grand Total: 452 creatures vanquished

Notes
Turn   | Place    | Note
-------+----------+-------------------------------------------
     0 | D:1      | jlumianski the Demonspawn Ice Elementalist began the quest
                  | for the Orb.
     0 | D:1      | Reached XP level 1. HP: 13/13 MP: 3/3
   167 | D:1      | Gained mutation: Your touch may inflict minor irresistible
                  | damage on your foes. [demonic ancestry]
   167 | D:1      | Reached XP level 2. HP: 8/19 MP: 1/5
   750 | D:1      | Found a faded altar of an unknown god.
   872 | D:1      | Reached XP level 3. HP: 16/24 MP: 3/6
   891 | D:1      | Learned a level 3 spell: Frozen Ramparts
  1514 | D:2      | Reached skill level 1 in Ranged Weapons
  1626 | D:2      | Reached XP level 4. HP: 23/31 MP: 3/7
  1865 | D:2      | Noticed Robin
  1873 | D:2      | Killed Robin
  2031 | D:2      | Found a shimmering altar of Xom.
  2238 | D:3      | Noticed Jessica
  2276 | D:3      | Killed Jessica
  2277 | D:3      | Gained mutation: You are partially covered in yellow
                  | scales. (AC +2) [demonic ancestry]
  2277 | D:3      | Reached XP level 5. HP: 36/36 MP: 4/9
  2285 | D:3      | Learned a level 3 spell: Ozocubu's Armour
  2462 | D:3      | Noticed Natasha
  2468 | D:3      | Killed Natasha
  2476 | D:3      | Noticed Natasha
  2480 | D:3      | Killed Natasha
  2481 | D:3      | Reached skill level 1 in Fighting
  2634 | D:3      | Noticed Natasha
  2640 | D:3      | Killed Natasha
  2705 | D:3      | Identified the +0 pair of gloves of the Mantidfly {Dex+2}
  2721 | D:3      | Gained mutation: A weak demonic guardian rushes to your
                  | aid. [demonic ancestry]
  2721 | D:3      | Reached XP level 6. HP: 43/43 MP: 10/10
  3354 | D:4      | Reached skill level 5 in Ice Magic
  3868 | D:4      | Found a burning altar of Makhleb.
  3873 | D:4      | Found a shimmering altar of Xom.
  3980 | D:4      | Found Menar's Armour Emporium.
  3984 | D:4      | Bought a +0 leather armour for 22 gold pieces
  4182 | D:5      | Entered Level 5 of the Dungeon
  4548 | D:5      | Learned a level 2 spell: Wereblood
  4859 | D:5      | Reached XP level 7. HP: 49/49 MP: 6/12
  5112 | D:5      | Noticed a steam dragon
  5166 | D:5      | Killed a steam dragon
  5167 | D:5      | Reached skill level 1 in Armour
  5699 | D:5      | Gained mutation: Your touch may inflict irresistible damage
                  | on your foes. [demonic ancestry]
  5699 | D:5      | Reached XP level 8. HP: 54/56 MP: 8/14
  5916 | D:6      | Noticed Edmund
  5932 | D:6      | Killed Edmund
  6148 | D:6      | Reached skill level 1 in Shields
  6445 | D:6      | Found a runed translucent door.
  6446 | D:6      | Noticed Crazy Yiuf
  6479 | D:6      | Found a staircase to the Ecumenical Temple.
  6496 | Temple   | Entered the Ecumenical Temple
  6608 | Temple   | Became a worshipper of Hepliaklqana the Forgotten
  7202 | D:6      | Noticed Menkaure
  7211 | D:6      | Killed Menkaure
  7212 | D:6      | Reached skill level 5 in Spellcasting
  7583 | D:7      | Reached skill level 1 in Short Blades
  7774 | D:7      | Reached skill level 5 in Stealth
  7922 | D:7      | Gained mutation: You are mostly covered in yellow scales.
                  | (AC +3) [demonic ancestry]
  7922 | D:7      | Reached XP level 9. HP: 52/61 MP: 8/17
  8199 | D:7      | Noticed Pikel
  8214 | D:7      | Killed Pikel
  8326 | D:7      | Reached * piety under Hepliaklqana
  8781 | D:8      | Noticed a two-headed ogre
  8790 | D:8      | Killed a two-headed ogre
  8791 | D:8      | Reached skill level 1 in Transmutations
  9454 | D:8      | Reached skill level 1 in Evocations
  9454 | D:8      | Gained mutation: A demonic guardian rushes to your aid.
                  | [demonic ancestry]
  9454 | D:8      | Reached XP level 10. HP: 61/61 MP: 16/20
  9525 | D:8      | Found Ari Enix's Antique Weapon Shop.
  9548 | D:8      | Bought a rapier for 128 gold pieces
  9796 | D:9      | Reached skill level 1 in Invocations
 10381 | D:10     | Entered Level 10 of the Dungeon
 10540 | D:10     | Reached ** piety under Hepliaklqana
 10541 | D:10     | Remembered your ancestor Ferran as a knight
 10808 | D:9      | Found Tejumus's Weapon Shop.
 10808 | D:9      | Found a staircase to the Orcish Mines.
 10944 | D:9      | Noticed a soul eater
 11046 | D:9      | Learned a level 5 spell: Metabolic Englaciation
 11435 | D:10     | Found a staircase to the Lair.
 11781 | D:10     | Noticed a gargoyle
 11798 | D:10     | Killed a gargoyle
 12136 | D:10     | Reached XP level 11. HP: 67/67 MP: 18/23
 12240 | D:10     | Identified the amulet "Asko" {Fly Regen+ rCorr}
 12616 | Lair:1   | Entered Level 1 of the Lair of Beasts
 12694 | Lair:1   | Reached skill level 1 in Axes
 12701 | Lair:1   | Reached skill level 5 in Invocations
 12792 | Lair:1   | Found a dark tunnel.
 12808 | Volcano  | Entered a volcano
 12973 | Volcano  | Reached *** piety under Hepliaklqana
 13102 | Volcano  | Found a burning altar of Makhleb.
 13102 | Volcano  | Noticed a salamander mystic
 13115 | Volcano  | Killed a salamander mystic
 13163 | Volcano  | Noticed a red draconian
 13180 | Volcano  | Killed a red draconian
 13584 | Lair:1   | Learned a level 4 spell: Hailstorm
 13891 | Lair:1   | Noticed a wolf spider
 13896 | Lair:1   | Reached XP level 12. HP: 63/74 MP: 13/24
 13899 | Lair:1   | Reached skill level 5 in Evocations
 13906 | Lair:1   | Reached skill level 5 in Axes
 14221 | Lair:1   | Noticed Grum
 14228 | Lair:1   | Killed Grum
 14917 | D:11     | Identified the +5 hand axe of Terror {drain, +Blink rC+++
                  | Int-4}
 15273 | D:11     | Reached **** piety under Hepliaklqana
 15423 | D:12     | Noticed a five-headed hydra
 15472 | D:11     | Killed a five-headed hydra
 15711 | D:12     | Mangled by a large slime creature

Illustrated notes

Levels and vault maps discovered:
D:1:      dpeg_arrival_line_fractal, layout_basic,
          shapermc_ecumenical_altar_totnotflames
D:2:      layout_rooms, basic_altar, uniq_robin
D:3:      layout_rooms, uniq_natasha, uniq_jessica
D:4:      layout_loops_cross, grunt_temple_overflow_champion_of_chaos,
          serial_shops, nicolae_shop_behind_doors
D:5:      cheibrodos_barr_body, layout_basic, nicolae_kite_square_tiling_tiny
D:6:      layout_layer_cave, minmay_temple_entry_drinking_statues, uniq_edmund,
          uniq_menkaure, uniq_crazy_yiuf_cottage
D:7:      layout_basic, kennysheep_generic_room_5, uniq_pikel
D:8:      layout_basic, serial_shops, nicolae_shop_window_shopping
D:9:      layout_basic, orc_david_3, corexii_checkpoint_a
D:10:     layout_cave_pods, due_lair_maze_entry_diamond, serial_column_ruins,
          column_ruins_circle_medium, column_ruins_grid_1, column_ruins_grid_1,
          column_ruins_open_tiny, column_ruins_open_tiny,
          column_ruins_corridor_T
D:11:     layout_irregular_city
D:12:     layout_roguey [special_room_orc], uniq_maurice
Temple:   nicolae_temple_slightly_damp_pantheon
Lair:1:   layout_roguey [special_room_bee], lightli_volcano_entry_magma_tube,
          chequers_serial_rivers_large_b, nicolae_lair_run_with_the_wolves,
          uniq_grum

Skill      XL: |  1  2  3  4  5  6  7  8  9 10 11 12 |
---------------+-------------------------------------+-----
Ice Magic      | 4 5 6 7 8 |  8.6
Dodging        | 2 3 4 |  4.5
Ranged Weapons | 1 2 3 4 |  4.2
Fighting       | 1 2 3 4 |  4.5
Spellcasting   | 3 4 5 6 8 |  8.9
Stealth        | 2 3 5 6 8 |  8.4
Armour         | 1 2 3 |  3.6
Shields        | 1 2 |  2.2
Short Blades   | 1 2 |  2.1
Transmutations | 1 |  1.4
Evocations     | 1 3 4 5 |  5.9
Invocations    | 4 6 |  6.9
Axes           | 4 5 |  5.8
Polearms       | |  0.9
Staves         | |  0.8
Throwing       | |  0.4
Conjurations   | |  0.1
Hexes          | |  0.8

Action                   |  1- 3 |  4- 6 |  7- 9 | 10-12 || total
-------------------------+-------+-------+-------+-------++-------
Melee: Whip              |     4 |       |       |       ||     4
       Touch             |     1 |     6 |    25 |    53 ||    85
       Staff             |       |    18 |    37 |       ||    55
       Punch             |       |     1 |     5 |     5 ||    11
       Short sword       |       |       |    57 |       ||    57
       Dagger            |       |       |    29 |    76 ||   105
       Rapier            |       |       |       |    11 ||    11
       Broad axe         |       |       |       |   114 ||   114
       Demon trident     |       |       |       |     5 ||     5
 Fire: Sling             |    56 |    67 |     3 |       ||   126
       Shortbow          |       |       |    16 |    23 ||    39
Throw: Dart              |       |     1 |     3 |     3 ||     7
 Cast: Freeze            |    40 |    36 |    31 |     5 ||   112
       Frozen Ramparts   |     4 |    17 |    28 |    24 ||    73
       Ozocubu's Armour  |       |     5 |    19 |    11 ||    35
       Wereblood         |       |       |     4 |     8 ||    12
       Metabolic Englaci |       |       |       |     5 ||     5
       Hailstorm         |       |       |       |     5 ||     5
Invok: Recall Ancestor   |       |       |       |     2 ||     2
       Ancestor Life: Kn |       |       |       |     1 ||     1
Evoke: Wand              |       |       |     2 |       ||     2
  Use: Scroll            |       |    12 |     8 |     5 ||    25
       Potion            |       |     4 |       |     1 ||     5
 Stab: Distracted        |       |       |     1 |     3 ||     4
       Sleeping          |       |       |     1 |     7 ||     8
Armor: Robe              |     8 |    17 |       |       ||    25
       Leather armour    |       |     7 |    83 |   137 ||   227
Dodge: Dodged            |    39 |    37 |   106 |   201 ||   383
Block: Other             |       |    15 |    45 |    32 ||    92
       Reflection        |       |       |     3 |     3 ||     6

Table legend: (Time is in decaauts)
 A = Elapsed time spent in this place.
 B = Non-inter-level travel time spent in this place.
 C = Inter-level travel time spent in this place.
 D = Time resting spent in this place.
 E = Time spent auto-exploring this place.
 F = Levels seen in this place.
 G = Mean time per level.
                   A        B        C        D        E       F      G
               +--------+--------+--------+--------+--------+-----+--------+
         Total |  15808 |  15559 |    249 |   2065 |   8391 |  15 | 1053.9 |
       Dungeon |  13535 |  13286 |    249 |   1876 |   7541 |  12 | 1127.9 |
        Temple |    164 |    164 |      0 |      0 |     54 |   1 |  164.0 |
          Lair |   1448 |   1448 |      0 |    136 |    720 |   1 | 1448.0 |
       Volcano |    659 |    659 |      0 |     53 |     76 |   1 |  659.0 |
               +--------+--------+--------+--------+--------+-----+--------+

Top non-repeatable levels by time:
     D:6: 1525 daAuts
    D:10: 1456 daAuts
  Lair:1: 1448 daAuts
     D:4: 1353 daAuts
     D:2: 1304 daAuts
     D:9: 1284 daAuts
     D:7: 1247 daAuts
     D:8: 1184 daAuts
     D:5: 1161 daAuts
     D:1: 1027 daAuts
     D:3: 990 daAuts
    D:11: 815 daAuts
 Volcano: 659 daAuts
    D:12: 183 daAuts
  Temple: 164 daAuts
